 Dungeon Crawl Stone Soup version 0.21.1-1-g345015f (webtiles) character file.

3609 Fang the Cleaver (level 10, -14/94 HPs)
             Began as a Gargoyle Berserker on May 29, 2018.
             Was an Elder of Trog.
             Demolished by a two-headed ogre
             ... wielding a +0 dire flail
              (20 damage)
             ... on level 8 of the Dungeon.
             The game lasted 00:10:24 (8501 turns).

Fang the Cleaver (Gargoyle Berserker)               Turns: 8501, Time: 00:10:24

Health: -14/94     AC: 13    Str: 29    XL:     10   Next: 11%
Magic:  10/10      EV: 14    Int:  8    God:    Trog [****..]
Gold:   633        SH:  0    Dex:  9    Spells: 9/9 levels left

rFire    x . .     SeeInvis .   a - +1 hand axe
rCold    + + .     Gourm    .   (no shield)
rNeg     + . .     Faith    .   y - +1 robe {rC+}
rPois    ∞         Spirit   .   g - +1 hat
rElec    +         Reflect  .   (no cloak)
rCorr    .         Harm     .   (no gloves)
MR       .....                  C - +1 pair of boots
Stlth    ..........             F - amulet of magic regeneration
HPRegen  0.25/turn              i - ring of ice
MPRegen  0.37/turn              s - ring of stealth

@: berserking, very quick
A: negative energy resistance 1, electricity resistance, unbreathing,
petrification resistance, rot immunity, AC +7
a: Berserk, Trog's Hand, Brothers in Arms, Burn Spellbooks, Renounce Religion


You were on level 8 of the Dungeon.
You worshipped Trog.
Trog was greatly pleased with you.
You were very hungry.

You visited 2 branches of the dungeon, and saw 9 of its levels.

You collected 633 gold pieces.

Inventory:

Hand Weapons
 a - a +1 hand axe (weapon)
Armour
 g - a +1 hat (worn)
 y - a +1 robe of cold resistance (worn)
 C - a +1 pair of boots (worn)
Jewellery
 i - a ring of ice (left hand)
 s - a ring of stealth (right hand)
 F - an amulet of magic regeneration (around neck)
Wands
 m - a wand of flame (25)
 q - a wand of acid (12)
 t - a wand of iceblast (5)
Scrolls
 d - a scroll of identify
 e - 4 scrolls of teleportation
 f - 7 scrolls of remove curse
 n - a scroll of enchant weapon
Potions
 h - 5 potions of agility {unknown}
 j - a potion of resistance
 k - 3 potions of heal wounds
 l - 4 potions of haste
 o - a potion of lignification
 p - a potion of cancellation {unknown}
 r - 4 potions of curing {unknown}
 u - 2 potions of mutation {unknown}
 v - a potion of degeneration {unknown}
 w - a potion of invisibility {unknown}
 A - 3 potions of flight {unknown}
 E - a potion of brilliance {unknown}
 H - a potion of ambrosia {unknown}
Comestibles
 c - 18 rations


   Skills:
 + Level 7.3 Fighting
 + Level 9.3 Axes
 + Level 5.5 Armour
 + Level 5.2 Dodging
 + Level 4.0 Stealth


You had 9 spell levels left.
You didn't know any spells.

Dungeon Overview and Level Annotations

Branches:
Dungeon (8/15)             Temple (1/1) D:6
   Lair: D:8-11

Altars:
Ashenzari
Cheibriados
Dithmenos
Elyvilon
Fedhas
Gozag
Hepliaklqana
Makhleb
Nemelex Xobeh
Okawaru
Qazlal
Ru
Sif Muna
Trog
Uskayaw
Vehumet
Wu Jian
Xom
Yredelemnul
Zin
The Shining One

Shops:
D:6 [[}(


Innate Abilities, Weirdness & Mutations

You are resistant to torment.
Your stone body is resilient. (AC +7)
You are immune to poison.
You resist negative energy. (rN+)
You are resistant to electric shocks. (rElec)
You can survive without breathing.
You are immune to petrification.
You are immune to rotting.


Message History

You are too injured to fight recklessly!
You are too injured to fight recklessly!
You are too injured to fight recklessly!
A red film seems to cover your vision as you go berserk!
You feel yourself moving faster!
You feel mighty!
You are feeling very hungry.
The two-headed ogre hits you with a dire flail!
* * * LOW HITPOINT WARNING * * *
The two-headed ogre hits you with a giant spiked club!
* * * LOW HITPOINT WARNING * * *
You slash the two-headed ogre!
The two-headed ogre is almost dead.
Unknown command.
You hit the two-headed ogre.
The two-headed ogre is almost dead.
Unknown command.
You hit the two-headed ogre.
The two-headed ogre is almost dead.
The two-headed ogre hits you with a dire flail!!
You die...

#...# #...#
#...###### #.........
.#####......... .##
............... ..#
#.....†O)...... #.#
#... #.@....... #.#
##.(. #.....?...
#.###....##..[......
##.#.............####
#....#####.#.#####
##...######.#.#
#..#........#.#
###.#####...##<.#
#..(# #.#.##.##


You could see a two-headed ogre.

Vanquished Creatures
  The ghost of Fang the Cleaver, a novice GrBe of Trog (D:7)
  Psyche (D:8)
  A wyvern (D:7)
  Eustachio (D:6)
  The ghost of valkyrieboi the Changer, an amateur DrTm (D:4)
  Menkaure (D:6)
  The ghost of Fang the Skirmisher, an amateur GrBe of Trog (D:3)
  Duvessa (D:4)
  An orc warrior (D:6)
  2 phantoms
  A sky beast (D:7)
  2 ogres
  5 centaurs
  2 bullfrogs
  Dowan (D:4)
  2 scorpions (D:6)
  3 wights (D:7)
  A howler monkey (D:8)
  2 crimson imps
  A hound (D:7)
  4 orc wizards
  Crazy Yiuf (D:2)
  2 orc priests
  2 iguanas
  5 worker ants
  A hound skeleton (D:5)
  A howler monkey zombie (D:5)
  A worker ant zombie (D:6)
  8 adders
  2 shadow imps
  2 oozes
  2 adder skeletons
  An adder zombie (D:6)
  A worm (D:2)
  A dart slug (D:1)
  5 leopard geckos
  16 orcs
  6 giant cockroaches
  2 gnoll zombies (D:3)
  8 hobgoblins
  6 jackals
  9 kobolds
  4 quokkas
  11 bats
  5 frilled lizards
  11 goblins
  A jackal zombie (D:7)
  A leopard gecko skeleton (D:6)
  A quokka skeleton (D:7)
  13 rats
164 creatures vanquished.

Notes
Turn   | Place    | Note
-------+----------+-------------------------------------------
     0 | D:1      | Fang the Gargoyle Berserker began the quest for the Orb.
     0 | D:1      | Reached XP level 1. HP: 14/14 MP: 1/1
    87 | D:1      | Reached XP level 2. HP: 13/19 MP: 2/2
   146 | D:1      | Reached skill level 3 in Axes
   306 | D:1      | Reached XP level 3. HP: 24/24 MP: 3/3
   312 | D:1      | Reached ** piety under Trog
   750 | D:2      | Reached XP level 4. HP: 8/29 MP: 4/4
  1273 | D:2      | Found a runed door.
  1399 | D:2      | Noticed Crazy Yiuf
  1403 | D:2      | Killed Crazy Yiuf
  1663 | D:3      | Found a radiant altar of Vehumet.
  1666 | D:3      | Noticed Fang's ghost (amateur GrBe)
  1687 | D:3      | Killed Fang's ghost
  1687 | D:3      | Reached skill level 4 in Axes
  1687 | D:3      | Reached skill level 1 in Stealth
  1687 | D:3      | Reached XP level 5. HP: 18/34 MP: 5/5
  1687 | D:3      | Reached XP level 6. HP: 20/39 MP: 6/6
  2260 | D:3      | Reached *** piety under Trog
  2269 | D:3      | Found a basalt altar of Yredelemnul.
  2629 | D:4      | Noticed valkyrieboi's ghost (amateur DrTm)
  2652 | D:4      | Killed valkyrieboi's ghost
  2652 | D:4      | Reached skill level 5 in Axes
  3029 | D:4      | Noticed Duvessa
  3030 | D:4      | Noticed Dowan
  3042 | D:4      | Killed Duvessa
  3042 | D:4      | Reached XP level 7. HP: 44/44 MP: 7/7
  3047 | D:4      | Killed Dowan
  3047 | D:4      | Reached skill level 5 in Fighting
  3453 | D:4      | Found a shimmering altar of Xom.
  3690 | D:5      | Entered Level 5 of the Dungeon
  3946 | D:5      | Reached skill level 6 in Axes
  4054 | D:5      | Found a white marble altar of Elyvilon.
  4055 | D:5      | Found a glowing golden altar of the Shining One.
  4056 | D:5      | Found a glowing silver altar of Zin.
  4187 | D:5      | Found an ornate altar of the Wu Jian Council.
  4200 | D:5      | Reached XP level 8. HP: 43/50 MP: 8/8
  4594 | D:6      | Noticed Menkaure
  4602 | D:6      | Killed Menkaure
  4761 | D:6      | Found Kuepnih's Antique Weapon Emporium.
  4762 | D:6      | Found Oratuafi's Gadget Boutique.
  4934 | D:6      | Reached **** piety under Trog
  4937 | D:6      | Found Moxt's Armour Shop.
  4948 | D:6      | Found Hotuilie's Armour Shop.
  5129 | D:6      | Noticed Eustachio
  5142 | D:6      | Found a staircase to the Ecumenical Temple.
  5201 | D:6      | Killed Eustachio
  5201 | D:6      | Reached skill level 7 in Axes
  5973 | D:6      | Reached XP level 9. HP: 54/55 MP: 9/9
  6099 | Temple   | Entered the Ecumenical Temple
  6232 | D:7      | Noticed Fang's ghost (novice GrBe)
  6406 | D:7      | Killed Fang's ghost
  6406 | D:7      | Reached skill level 8 in Axes
  6406 | D:7      | Reached skill level 5 in Armour
  7166 | D:7      | Noticed a hand axe
  7170 | D:7      | Noticed a hand axe
  7172 | D:7      | Found a hide-covered altar of Uskayaw.
  8035 | D:8      | Found a burning altar of Makhleb.
  8067 | D:8      | Reached skill level 9 in Axes
  8067 | D:8      | Reached skill level 5 in Dodging
  8071 | D:8      | Noticed Psyche
  8078 | D:8      | Killed Psyche
  8078 | D:8      | Reached XP level 10. HP: 24/63 MP: 10/10
  8485 | D:8      | Noticed a two-headed ogre
  8501 | D:8      | Demolished by a two-headed ogre

Skill      XL: |  1  2  3  4  5  6  7  8  9 10 |
---------------+-------------------------------+-----
Axes           | 3 4 5 6 7 9 |  9.3
Fighting       | 4 5 6 7 |  7.3
Dodging        | 2 3 4 5 |  5.2
Stealth        | 1 3 4 |  4.0
Armour         | 3 4 5 |  5.5

Action                   |  1- 3 |  4- 6 |  7- 9 | 10-12 || total
-------------------------+-------+-------+-------+-------++-------
Melee: Hand axe          |   116 |   160 |   477 |    12 ||   765
Invok: Berserk           |       |     4 |     6 |     1 ||    11
  Use: Scroll            |       |       |    15 |       ||    15
 Stab: Sleeping          |       |     2 |     7 |       ||     9
  Eat: Chunk             |       |    10 |    22 |     2 ||    34
Armor: Animal skin       |    39 |    15 |    66 |       ||   120
       Ring mail         |       |    35 |   174 |       ||   209
       Robe              |       |       |       |     2 ||     2
Dodge: Dodged            |   103 |    98 |   332 |    13 ||   546
